 Dungeon Crawl Stone Soup version 0.29-a0-298-g3c90f9a769 (webtiles) character file.

Game seed: 5007619900427717811

784 Ijustatesigmund the Cudgeller (level 7, -8/45 HPs)
             Began as a Gargoyle Monk on Mar 23, 2022.
             Engulfed by a cloud of flame (21 damage)
             ... on level 1 of the Dungeon.
             The game lasted 00:10:33 (5216 turns).

Ijustatesigmund the Cudgeller (Gargoyle Monk)       Turns: 5216, Time: 00:10:34

Health: -8/45      AC: 25    Str: 15    XL:     7   Next: 86%
Magic:  7/7        EV:  5    Int: 12    God:
Gold:   341        SH:  0    Dex: 12    Spells: 6/6 levels left

rFire   . . .      SeeInvis .   a - +1 flail
rCold   . . .      Faith    .   (no shield)
rNeg    + . .      Spirit   .   b - +0 plate armour
rPois   ∞          Reflect  .   (no helmet)
rElec   +          Harm     .   (no cloak)
rCorr   .          Rampage  .   (no gloves)
Will    .....                   (no boots)
Stlth   ..........              o - amulet of the acrobat
HPRegen 0.15/turn               f - +4 ring of protection
MPRegen 0.10/turn               i - +4 ring of protection

@: no status effects
A: sickness immunity, AC +4, negative energy resistance 1, electricity
resistance, torment resistance 1, petrification resistance
a: no special abilities


You were on level 1 of the Dungeon.
You visited 1 branch of the dungeon, and saw 5 of its levels.

You collected 341 gold pieces.

Inventory:

Hand Weapons
 a - a +1 flail (weapon)
Armour
 b - a +0 plate armour (worn)
Jewellery
 f - a +4 ring of protection (left hand)
 g - the ring "Juepiq" {+Blink rC+ rCorr}
   (You found it on level 3 of the Dungeon)

   [ring of protection from cold]

   rC:        It protects you from cold.
   +Blink:    It lets you blink.
   rCorr:     It protects you from acid and corrosion.
 i - a +4 ring of protection (right hand)
 o - an amulet of the acrobat (around neck)
Wands
 j - a wand of iceblast (11)
 p - a wand of flame (20)
Scrolls
 d - a scroll of identify
 e - 2 scrolls of teleportation
 l - 2 scrolls of immolation
 r - a scroll of silence {unknown}
 s - a scroll of enchant armour {unknown}
Potions
 c - 2 potions of might
 h - a potion of mutation
 k - a potion of flight
 m - a potion of lignification
 n - a potion of magic


   Skills:
 + Level 5.8 Fighting
 + Level 5.9 Maces & Flails
 + Level 5.4 Armour
 - Level 2.4 Dodging
 - Level 2.1 Stealth


You had 6 spell levels left.
You didn't know any spells.
Your spell library contained the following spells:

 Spells                   Type           Power      Damage    Failure   Level
 Animate Skeleton         Necr           0%         N/A       100%        1
 Pain                     Necr           0%         1d4       100%        1
 Sting                    Tmut/Pois      0%         1d3       100%        1
 Poisonous Vapours        Pois/Air       0%         N/A       100%        2
 Confusing Touch          Hex            0%         N/A       100%        3
 Stone Arrow              Conj/Erth      0%         3d7       100%        3
 Vampiric Draining        Necr           0%         2d6       100%        3
 Animate Armour           Summ/Erth      0%         N/A       100%        4
 Olgreb's Toxic Radiance  Pois           0%         N/A       100%        4
 Summon Lightning Spire   Summ/Air       0%         N/A       100%        4
 Yara's Violent Unravell  Hex/Tmut       0%         3d3       100%        5
 Enfeeble                 Hex            0%         N/A       100%        7
 Storm Form               Tmut/Air       0%         N/A       100%        7
 Lehudib's Crystal Spear  Conj/Erth      0%         10d2      100%        8
 Maxwell's Capacitive Co  Air            0%         ∞         100%        8


Dungeon Overview and Level Annotations

Branches:
Dungeon (5/15)             Temple (0/1) D:4

Altars:
Dithmenos

Shops:
D:1 =

Annotations:
D:5 1 runed translucent door, Ignak's ghost, novice OgWr


Innate Abilities, Weirdness & Mutations

You are immune to sickness and miasma.
Your stone body is resilient. (AC +4)
You are immune to poison.
You resist negative energy. (rN+)
You are resistant to electric shocks. (rElec)
You are resistant to unholy torment.
You are immune to petrification.


Message History

There is an open door here.
There is an open door here.
There is an open door here.
There is an open door here.
There is an open door here.
Really walk into a travel-excluded area?
You are engulfed in blazing flames.
A jackal comes into view.
You are engulfed in blazing flames.
The jackal barks!
You hear a bark!
The jackal is engulfed in blazing flames.
The jackal dies!
You are engulfed in blazing flames.
* * * LOW HITPOINT WARNING * * *
A jackal comes into view.
Found a scroll labelled GERPHUELOGU.
The jackal barks!
You see here a +0 chain mail.
You see here a book of the Sky.
You barely miss the jackal. The jackal barely misses you.
The jackal bites you but does no damage.
You sock the jackal!
You kill the jackal!
You see here a staff of earth.
r - a scroll labelled CIDEMI SAONUSS You see here 17 stones.
You pick up a book of the Sky and begin reading...
You add the spells Summon Lightning Spire, Storm Form and Maxwell's Capacitive Coupling to your library.
You start resting.
HP restored.
Okay, then.
Really walk into a travel-excluded area?
You are engulfed in blazing flames.
You are engulfed in blazing flames.
You see here a scroll labelled GERPHUELOGU.
s - a scroll labelled GERPHUELOGU You are engulfed in blazing flames.
* * * LOW HITPOINT WARNING * * *
You feel better.
You are engulfed in blazing flames.
You die...

########## ##........#
#...#####.# #§§☼# #.# #○§°#
#.######## #§§☼#
#........####
######...############....##
### #.§§○..)[.☼§☼.#
#...###.##
##.###.§§§..(..§@§.#####..##
##.#
#.#....§○°[..|.○○§.##.....#
#..
..##.######...#######.#...##
##.# #.###.# #§○§#
#...#....###†## .....##
#○§§# #####.##....## ....##
#°§§# ##.##.#...# .....#
###...########...#.###.#
.###.# ##....###.......#...#
#.# .###.# #..##.#
#.###.#...### #.#


There were no monsters in sight!

Vanquished Creatures
  2 black bears
  2 necrophages
  A scorpion (D:5)
  A jelly (D:5)
  2 orc priests (D:4)
  A hound (D:5)
  An orc wizard (D:4)
  Robin (D:4)
  7 gnolls (D:4)
  8 adders
  An ufetubus (D:4)
  4 worms
  3 dart slugs
  6 orcs (D:4)
  3 ball pythons
  4 bats
  4 endoplasms
  2 giant cockroaches (D:1)
  18 goblins
  11 hobgoblins
  10 jackals
  3 quokkas
  3 frilled lizards
  5 kobolds
  9 rats
112 creatures vanquished.

Vanquished Creatures (others)
  A dart slug (D:1)
  2 jackals (D:1)
3 creatures vanquished.

Grand Total: 115 creatures vanquished

Notes
Turn   | Place    | Note
-------+----------+-------------------------------------------
     0 | D:1      | Ijustatesigmund the Gargoyle Monk began the quest for the
                  | Orb.
     0 | D:1      | Reached XP level 1. HP: 14/14 MP: 1/1
   206 | D:1      | Found Nihij's Jewellery Shoppe.
   409 | D:1      | Found a faded altar of an unknown god.
   417 | D:1      | Reached skill level 1 in Armour
   417 | D:1      | Reached XP level 2. HP: 19/19 MP: 2/2
  1020 | D:2      | Found a shadowy altar of Dithmenos.
  1157 | D:2      | Reached XP level 3. HP: 23/23 MP: 3/3
  1918 | D:3      | Reached XP level 4. HP: 25/28 MP: 4/4
  1995 | D:3      | Identified the ring "Juepiq" {+Blink rC+ rCorr}
  2617 | D:4      | Noticed a black bear
  2631 | D:4      | Reached XP level 5. HP: 16/33 MP: 5/5
  2641 | D:4      | Killed a black bear
  2696 | D:4      | Reached XP level 6. HP: 38/39 MP: 6/6
  2726 | D:4      | Found a staircase to the Ecumenical Temple.
  2934 | D:4      | Reached skill level 5 in Maces & Flails
  3342 | D:4      | Reached XP level 7. HP: 4/44 MP: 7/7
  3817 | D:4      | Reached skill level 5 in Fighting
  3925 | D:4      | Noticed Robin
  3931 | D:4      | Killed Robin
  4094 | D:5      | Entered Level 5 of the Dungeon
  4111 | D:5      | Found a runed translucent door.
  4117 | D:5      | Noticed Ignak's ghost (novice OgWr)
  4344 | D:5      | Reached skill level 5 in Armour
  5216 | D:1      | Engulfed by a cloud of flame

Illustrated notes

Levels and vault maps discovered:
D:1:      erik_arrival_triangle_large, layout_loops_ring,
          dreamdust_ecumenical_altar_grove, serial_shops, shop,
          lemuel_flame_loot_1
D:2:      layout_loops_ring, basic_altar
D:3:      layout_rooms, grunt_decor_cap
D:4:      kennysheep_goblin_castle, layout_gridville,
          minmay_temple_entry_sparse_star, minivault_4, uniq_robin
D:5:      layout_basic, ebering_ghost_reflecting_pool, patterned_corridor

Skill      XL: |  1  2  3  4  5  6  7 |
---------------+----------------------+-----
Armour         | 1 2 3 4 5 |  5.4
Maces & Flails | 4 5 |  5.9
Fighting       | 4 5 |  5.8
Dodging        | |  2.4
Stealth        | |  2.1

Action                   |  1- 3 |  4- 6 |  7- 9 || total
-------------------------+-------+-------+-------++-------
Melee: Mace              |   100 |   192 |     3 ||   295
       Punch             |     1 |     4 |     2 ||     7
       Flail             |       |       |   112 ||   112
  Use: Scroll            |     3 |     3 |     7 ||    13
       Potion            |       |     4 |     1 ||     5
 Stab: Sleeping          |     8 |       |       ||     8
Armor: Robe              |    33 |     6 |       ||    39
       Plate armour      |       |   316 |   155 ||   471
Dodge: Dodged            |    50 |   107 |    47 ||   204

Table legend: (Time is in decaauts)
 A = Elapsed time spent in this place.
 B = Non-inter-level travel time spent in this place.
 C = Inter-level travel time spent in this place.
 D = Time resting spent in this place.
 E = Time spent auto-exploring this place.
 F = Levels seen in this place.
 G = Mean time per level.
                   A        B        C        D        E       F      G
               +--------+--------+--------+--------+--------+-----+--------+
         Total |   5295 |   4960 |    335 |    806 |   3182 |   5 | 1059.0 |
       Dungeon |   5295 |   4960 |    335 |    806 |   3182 |   5 | 1059.0 |
               +--------+--------+--------+--------+--------+-----+--------+

Top non-repeatable levels by time:
     D:4: 1659 daAuts
     D:1: 1324 daAuts
     D:2: 939 daAuts
     D:5: 771 daAuts
     D:3: 600 daAuts
